 Dungeon Crawl Stone Soup version 0.30-a0-719-gcc4359ea44 (webtiles) character file.

Game seed: 11866116447206582057

2625422 PyroL the Petrodigitator (level 27, 163/188 HPs)
             Began as a Gargoyle Earth Elementalist on Jan 24, 2023.
             Was the Champion of Vehumet.
             Escaped with the Orb
             ... and 5 runes on Jan 26, 2023!
             The game lasted 06:15:41 (95536 turns).

PyroL the Petrodigitator (GrEE)                    Turns: 95536, Time: 06:15:41

Health: 163/188    AC: 40    Str: 12    XL:     27
Magic:  39/53      EV: 16    Int: 33    God:    Vehumet [******]
Gold:   8076       SH:  8    Dex: 14    Spells: 10/78 levels left

rFire   + + .      SeeInvis .    B - staff of earth
rCold   + + .      Faith    .    Y - +3 buckler {reflect}
rNeg    + + .      Spirit   .    T - +4 troll leather armour {Snorg}
rPois   ∞          Reflect  +    (no helmet)
rElec   +          Harm     .    W - +2 cloak {rCorr}
rCorr   +          Rampage  .    U - +2 pair of gloves
Will    ++...                    S - +2 pair of boots
Stlth   +                        j - amulet of regeneration
HPRegen 2.11/turn                t - ring "Xyhil" {rF+ Slay+2}
MPRegen 0.33/turn                E - ring of Fun {rC+ rN+ Int+5 Stlth+}

@: mighty, brilliant, resistant, attractive, flying, hasted, studying 3 skills,
invisible, very quick
A: sickness immunity, AC +20, big wings, negative energy resistance 1,
electricity resistance, torment resistance 1, petrification resistance, agile 1,
inhibited regeneration, evolution 1, inability to read after injury 1
0: Orb of Zot
}: 5/15 runes: barnacled, slimy, silver, abyssal, gossamer
a: Renounce Religion


You escaped.
You worshipped Vehumet.
Vehumet was exalted by your worship.
You visited 12 branches of the dungeon, and saw 55 of its levels.
You visited the Abyss 2 times.
You also visited: Bailey.

You collected 12198 gold pieces.
You spent 4122 gold pieces at shops.

Inventory:

Hand Weapons
 c - the +8 trishula "Condemnation" {holy, anguish, *Noise Fly rN+}
   (You acquired it on level 6 of the Dungeon)

   rN:        It protects you from negative energy.
   Fly:       It grants you flight.
   *Noise:    It may make noises in combat.
 X - the +8 demon blade "Leech" {evervamp, Harm Drain rN+}
   (You found it on level 3 of the Lair of Beasts)

   rN:        It protects you from negative energy.
   Drain:     It drains your maximum health when unequipped.
   Harm:      It increases damage dealt and taken.
Missiles
 d - a throwing net
 R - 4 atropa-tipped darts
Armour
 l - the +1 helmet "Foozomie" {rN++}
   (You acquired it on level 2 of the Vaults)

   rN:        It greatly protects you from negative energy.
 S - a +2 pair of boots (worn)
 T - a +4 troll leather armour (worn) {Snorg}
 U - a +2 pair of gloves (worn)
 W - a +2 cloak of preservation (worn)
 Y - a +3 buckler of reflection (worn)
Magical Staves
 B - a staff of earth (weapon)
Jewellery
 j - an amulet of regeneration (around neck)
 o - the ring "Godufamu" {rElec rN+ Will++ Dex+3}
   (You found it on level 3 of the Crypt)

   [ring of positive energy]

   Dex:       It affects your dexterity (+3).
   rElec:     It insulates you from electricity.
   rN:        It protects you from negative energy.
   Will:      It greatly increases your willpower.
 t - the ring "Xyhil" (left hand) {rF+ Slay+2}
   (You acquired it on level 3 of the Vaults)

   [ring of protection from fire]

   Slay:      It affects your accuracy & damage with ranged weapons and melee
   (+2).
   rF:        It protects you from fire.
 w - a +5 ring of evasion
 D - an amulet of the acrobat
 E - the ring of Fun (right hand) {rC+ rN+ Int+5 Stlth+}
   (You found it on level 3 of the Crypt)

   [ring of positive energy]

   Int:       It affects your intelligence (+5).
   rC:        It protects you from cold.
   rN:        It protects you from negative energy.
   Stlth:     It makes you more stealthy.
 H - a ring of protection from fire
 I - a ring of resist corrosion
Wands
 n - a wand of polymorph (12)
 s - a wand of acid (15)
 y - a wand of mindburst (10)
 G - a wand of flame (60)
 K - a wand of charming (28)
 N - a wand of digging (21)
 V - a wand of iceblast (49)
Scrolls
 e - 9 scrolls of magic mapping
 f - 3 scrolls of silence
 h - 8 scrolls of poison
 i - 9 scrolls of immolation
 q - 3 scrolls of blinking
 u - 18 scrolls of teleportation
 v - 10 scrolls of fog
 J - 8 scrolls of fear
 M - 2 scrolls of summoning
 O - 7 scrolls of amnesia
 Z - 4 scrolls of vulnerability
Potions
 a - 17 potions of heal wounds
 b - 6 potions of magic
 g - 33 potions of curing
 k - 6 potions of attraction
 m - 4 potions of cancellation
 p - 8 potions of lignification
 r - 6 potions of might
 z - 5 potions of haste
 A - 10 potions of ambrosia
 C - 5 potions of brilliance
 P - a potion of resistance
 Q - 5 potions of invisibility
Miscellaneous
 F - a lightning rod (4/4)
 L - a phantom mirror


   Skills:
 + Level 23.2 Fighting
 - Level 14.0 Polearms
 - Level 10.0 Armour
 - Level 10.0 Dodging
 - Level 2.1 Stealth
 - Level 5.0 Shields
 + Level 26.3 Spellcasting
 O Level 27 Conjurations
 - Level 0.7 Transmutations
 - Level 5.0 Air Magic
 O Level 27 Earth Magic
 - Level 10.0 Evocations


You had 10 spell levels left.
You knew the following spells:

 Your Spells              Type           Power      Damage    Failure   Level
a - Sandblast             Erth           100%       2d20      0%          1
b - Passwall              Tmut/Erth      100%       N/A       0%          2
c - Stone Arrow           Conj/Erth      100%       3d13      0%          3
d - Arcjolt               Conj/Air       61%        1d71      1%          5
e - Lee's Rapid Deconstr  Erth           86%        3d38*     0%          5
f - Iron Shot             Conj/Erth      86%        9d16      0%          6
g - Iskenderun's Mystic   Conj/Tloc      100%       2d19      1%          4
h - Irradiate             Conj/Tmut      58%        3d31      1%          5
i - Borgnjor's Vile Clut  Necr/Erth      70%        N/A       1%          5
j - Shatter               Erth           86%        3d62*     1%          9
k - Yara's Violent Unrav  Hex/Tmut       31%        3d13      5%          5
m - Lehudib's Crystal Sp  Conj/Erth      86%        10d19     1%          8
n - Spellforged Servitor  Conj/Summ      57%        N/A       1%          7
o - Apportation           Tloc           100%       N/A       1%          1
B - Blink                 Tloc           100%       N/A       1%          2

Your spell library contained the following spells:

 Spells                   Type           Power      Damage    Failure   Level
 Polar Vortex             Ice            30%        N/A       100%        9
 Kiss of Death            Conj/Necr      100%       2d13      0%          1
 Shock                    Conj/Air       100%       1d9       0%          1
 Momentum Strike          Conj/Tloc      100%       3d10      0%          2
 Hailstorm                Conj/Ice       100%       3d20      0%          3
 Iskenderun's Battlesphe  Conj           100%       2d15      0%          5
 Orb of Destruction       Conj           73%        9d17      0%          7
 Freeze                   Ice            100%       1d10      1%          1
 Slow                     Hex            100%       N/A       1%          1
 Summon Small Mammal      Summ           100%       N/A       1%          1
 Call Imp                 Summ           60%        N/A       1%          2
 Ensorcelled Hibernation  Hex/Ice        100%       N/A       1%          2
 Lesser Beckoning         Tloc           100%       N/A       1%          2
 Scorch                   Fire           100%       2d10      1%          2
 Wereblood                Tmut           64%        N/A       1%          2
 Frozen Ramparts          Ice            100%       1d16      1%          3
 Ignite Poison            Fire/Tmut/Pois 61%        N/A       1%          3
 Kindle Blastsparks       Fire/Tloc/Air  100%       2d18      1%          3
 Swiftness                Air            86%        N/A       1%          3
 Vhi's Electric Charge    Tloc/Air       100%       N/A       1%          3
 Airstrike                Air            43%        2d(7-23)  1%          4
 Animate Armour           Summ/Erth      100%       N/A       1%          4
 Flame Wave               Conj/Fire      100%       2d21      1%          4
 Fulminant Prism          Conj/Hex       57%        3d24      1%          4
 Leda's Liquefaction      Hex/Erth       70%        N/A       1%          4
 Petrify                  Tmut/Erth      100%       N/A       1%          4
 Fireball                 Conj/Fire      57%        3d22      1%          5
 Freezing Cloud           Conj/Ice/Air   53%        6-21      1%          5
 Lightning Bolt           Conj/Air       61%        1d84      1%          5
 Conjure Ball Lightning   Conj/Air       61%        3x3d22    1%          6
 Starburst                Conj/Fire      57%        6d15      1%          6
 Call Canine Familiar     Summ           60%        N/A       2%          3
 Confusing Touch          Hex            60%        N/A       2%          3
 Gell's Gravitas          Tloc           60%        N/A       2%          3
 Portal Projectile        Hex/Tloc       100%       N/A       2%          3
 Spider Form              Tmut/Pois      62%        N/A       2%          3
 Summon Guardian Golem    Hex/Summ       60%        N/A       2%          3
 Teleport Other           Tloc           60%        N/A       2%          3
 Tukima's Dance           Hex            60%        N/A       2%          3
 Vampiric Draining        Necr           60%        2d10      2%          3
 Summon Lightning Spire   Summ/Air       74%        N/A       3%          4
 Ice Form                 Ice/Tmut       62%        N/A       7%          4
 Anguish                  Hex/Necr       30%        N/A       9%          4
 Animate Dead             Necr           60%        N/A       9%          4
 Cause Fear               Hex            30%        N/A       9%          4
 Dispel Undead            Necr           60%        3d21      9%          4
 Manifold Assault         Tloc           60%        N/A       9%          4
 Passage of Golubria      Tloc           60%        N/A       9%          4
 Summon Ice Beast         Ice/Summ       60%        N/A       9%          4
 Silence                  Hex/Air        37%        N/A       9%          5
 Blade Hands              Tmut           32%        N/A       17%         5
 Alistair's Intoxication  Tmut/Pois      41%        N/A       21%         5
 Agony                    Necr           60%        N/A       22%         5
 Summon Forest            Summ/Tloc      30%        N/A       22%         5
 Summon Mana Viper        Hex/Summ       60%        N/A       22%         5
 Eringya's Noxious Bog    Tmut/Pois      31%        N/A       28%         6
 Chain Lightning          Conj/Air       61%        3d81      28%         9
 Fire Storm               Conj/Fire      57%        8d15      58%         9
 Death Channel            Necr           30%        N/A       77%         6
 Dispersal                Tloc           30%        N/A       77%         6
 Simulacrum               Ice/Necr       30%        N/A       77%         6
 Summon Cactus Giant      Summ           30%        N/A       77%         6
 Maxwell's Capacitive Co  Air            43%        ∞         83%         8
 Storm Form               Tmut/Air       38%        N/A       91%         7
 Dragon Form              Tmut           32%        N/A       99%         7
 Enfeeble                 Hex            30%        N/A       100%        7
 Malign Gateway           Summ/Tloc      30%        N/A       100%        7
 Monstrous Menagerie      Summ           30%        N/A       100%        7
 Summon Hydra             Summ           30%        N/A       100%        7
 Disjunction              Tloc           30%        N/A       100%        8
 Summon Horrible Things   Summ           30%        N/A       100%        8
 Dragon's Call            Summ           30%        N/A       100%        9
 Cigotuvi's Dreadful Rot  Necr/Pois/Air  Unusable   N/A       N/A         2
 Sublimation of Blood     Necr           Unusable   N/A       N/A         2
 Statue Form              Tmut/Erth      Unusable   N/A       N/A         6

Dungeon Overview and Level Annotations

Branches:
Dungeon (15/15)            Temple (1/1) D:6            Lair (5/5) D:10
 Shoals (4/4) Lair:2       Spider (4/4) Lair:2        Slime (5/5) Lair:4
    Orc (2/2) D:12            Elf (2/3) Orc:2        Vaults (5/5) D:14
  Crypt (3/3) Vaults:3       Tomb (0/3) Crypt:3      Depths (4/4) D:15
    Zot (5/5) Depths:4     Bailey (visited)

Altars:
Ashenzari
Cheibriados
Dithmenos
Elyvilon
Fedhas
Gozag
Hepliaklqana
Kikubaaqudgha
Makhleb
Nemelex Xobeh
Okawaru
Qazlal
Ru
Sif Muna
Trog
Uskayaw
Vehumet
Wu Jian
Xom
Yredelemnul
Zin
The Shining One
Jiyva

Shops:
D:3 :   D:7 [   D:13 *   Orc:1 *   Orc:2 [=*?   Elf:2 *   Shoals:1 *
Shoals:3 *(:**   Vaults:3 *   Vaults:5 ?!(   Depths:1 :[

Portals:
Hell: Depths:1 Depths:2 Depths:3 Depths:4
Abyss: D:12 Depths:3
Pandemonium: Depths:2 Depths:3
Ziggurat: Depths:1

Annotations:
D:14 1 runed translucent door
Shoals:2 2 transporters, Hiprater's ghost, adept MiBe
Elf:2 3 runed translucent doors, 2 transporters, Newt's ghost, adept DsGl
Crypt:3 3 runed translucent doors
Depths:1 1 runed translucent door
Zot:5 1 exclusion


Innate Abilities, Weirdness & Mutations

You are immune to sickness and miasma.
Your stone body is resilient. (AC +20)
You are immune to poison.
Your large and strong wings let you fly.
You resist negative energy. (rN+)
You are resistant to electric shocks. (rElec)
You are resistant to unholy torment.
You are immune to petrification.
You are agile. (Dex +4, Str/Int -1)
You do not regenerate when monsters are visible.
You have hidden genetic potential.
You occasionally lose the ability to read scrolls when taking damage.


Message History

Press: ? - help, Shift-Dir - straight line, f/p - Tzitzimitl
Aim: a Tzitzimitl (heavily wounded, 73% to hit)
You feel a surge of power!
The crystal spear hits the Tzitzimitl!!!!
You kill the Tzitzimitl!
Vehumet accepts your kill.
You feel your power returning.
There is a staircase leading out of the dungeon here.
You feel very mighty all of a sudden.
You feel yourself speed up.
You feel clever all of a sudden.
Okay, then.
You feel protected.
You fade into invisibility!
Really quaff the potion of attraction?
You feel attractive to monsters.
Okay, then.
Really quaff the potion of mutation?
You feel extremely strange.
You feel agile.
You shed all your fur.
The antennae on your head shrink away.
Your connection to magic feels subdued.
Really quaff the potion of mutation?
You feel extremely strange.
Your teeth shrink to normal size.
Your system completely accepts the healing effects of potions.
Your magic regains its normal vibrancy.
Really quaff the potion of mutation?
You feel extremely strange.
You feel robust.
You no longer feel strong-willed.
You feel genetically stable.
Really quaff the potion of mutation?
You feel extremely strange.
You feel genetically unstable.
You feel stronger.
You feel agile. A pair of antennae grows on your head!
Really quaff the potion of mutation?
You feel extremely strange. The antennae on your head shrink away.
You feel weaker.
You occasionally lose the ability to read scrolls when taking damage.
You feel a hidden potential growing inside you.
Your regeneration stops near monsters.
You have escaped!

#####
#.@.#
#...#
#...#
#...#
#.#.#
#.#.#
#...#
#...#
#...#


There were no monsters in sight!

Vanquished Creatures
  the Royal Jelly (Slime:5)
  3 dread liches
  2 orbs of fire
  7 ancient liches
  The ghost of Ythaheof the Unseen, a legendary NaWr of Cheibriados (Zot:2)
  A juggernaut (Depths:3)
  The ghost of Uroast the Impregnable, a veteran MiGl of Hepliaklqana (Crypt:2)
  Bai Suzhen (Depths:2)
  Xtahua (Depths:4)
  Parghit (Zot:1)
  A Killer Klown (Zot:5)
  4 curse toes
  2 caustic shrikes (Depths:3)
  A profane servitor (Abyss:2)
  Jory (Vaults:4)
  Nikola (Shoals:1)
  8 golden dragons
  6 bone dragons
  Arachne (Spider:2)
  3 electric golems
  A Tzitzimitl (D:1)
  12 tentacled monstrosities
  11 liches
  21 Orb Guardians
  19 acid blobs
  5 quicksilver dragons
  3 walking earthen tomes (Depths:3)
  A quicksilver dragon (shapeshifter) (Depths:3)
  2 walking frostbound tomes
  2 walking divine tomes
  9 titans
  5 tengu reavers
  6 ancient champions
  8 death cobs
  Polyphemus (Shoals:2)
  A kraken (Shoals:4)
  2 Executioners
  18 shadow dragons
  12 storm dragons
  Donald (Spider:2)
  23 tentacled starspawn
  5 draconian monks
  13 azure jellies
  11 rockslimes
  9 ghost moths
  5 revenants
  9 fire giants
  2 iron dragons
  A draconian knight (Zot:3)
  2 draconian scorchers
  13 vault wardens
  10 frost giants
  4 emperor scorpions
  3 deep elf sorcerers
  An angel (Abyss:4)
  Aizul (Vaults:3)
  2 cacodemons
  2 broodmothers
  15 quicksilver oozes
  2 balrugs
  3 draconian stormcallers (Zot:3)
  12 ghouls
  4 spriggan defenders
  28 ironbound preservers
  9 draconian annihilators
  6 draconian shifters
  34 stone giants
  10 ironbound thunderhulks
  2 reapers
  9 vampire knights
  2 spectral
  Killer Klowns (Zot:3)
  3 orc warlords
  A war gargoyle (Abyss:4)
  A starflower (Abyss:4)
  35 very ugly things
  10 green draconians
  A juggernaut skeleton (Depths:1)
  5 black draconians
  14 dire elephants
  A deep elf demonologist (Vaults:5)
  17 white draconians
  A bunyip (Abyss:4)
  17 red draconians
  A deep elf annihilator (Elf:1)
  7 yellow draconians
  4 lorocyprocas
  The ghost of mampy3000 the Severer, a journeyman MiBe of Trog (D:12)
  13 spark wasps
  12 ettins
  5 purple draconians
  5 eidola
  3 blizzard demons
  11 merfolk impalers
  2 green deaths
  11 great orbs of eyes
  3 merfolk javelineers (Shoals:2)
  4 entropy weavers
  2 deep elf death magi
  3 deep elf high priests
  A crystal guardian (Vaults:4)
  9 jiangshi
  11 fire dragons
  15 yaktaur captains
  An ice dragon (shapeshifter) (Depths:1)
  Erolcha (D:11)
  10 rakshasas
  A quicksilver dragon skeleton (Crypt:2)
  2 hell beasts
  3 peacekeepers
  3 jorogumos
  38 vault guards
  17 ice dragons
  An Orb Guardian zombie (Crypt:3)
  11 boulder beetles
  2 catoblepae
  4 hydras
  A spriggan zombie (Abyss:1)
  5 spriggan air magi
  3 alligator snapping turtles
  2 juggernaut simulacra (Abyss:3)
  5 merfolk avatars
  24 centaur warriors
  5 ogre magi
  5 death knights
  A spriggan skeleton (Crypt:3)
  6 merfolk aquamancers (Shoals:4)
  6 ironbound frosthearts
  11 two-headed ogres
  10 deep troll shamans
  14 dancing weapons
  2 hell hogs
  A Killer Klown simulacrum (Zot:3)
  A naga warrior (Abyss:4)
  2 satyrs (Shoals:4)
  The ghost of drugrobin the Martial Artist, a novice DgDe (D:8)
  27 thrashing horrors
  7 death yaks
  2 titan zombies (Crypt:2)
  8 spriggan berserkers
  8 tengu warriors
  8 vampire magi
  3 soul eaters
  4 sun demons
  Sonja (Lair:4)
  Urug (Lair:4)
  5 hell knights
  6 shadow wraiths
  12 deep troll earth magi
  15 wretched stars
  2 titan skeletons
  Amaemon (Lair:3)
  2 sun moths
  2 iron trolls
  6 deep elf knights
  30 skeletal warriors
  2 spatial maelstroms
  Lodul (D:12)
  7 pharaoh ants
  6 sea snakes
  A sea snake (shapeshifter) (D:13)
  12 sixfirhies
  4 glowing orange brains
  72 deep trolls
  12 orb spiders
  2 shadow demons
  10 wizards
  A quicksilver dragon simulacrum (Zot:3)
  A swamp dragon (Vaults:3)
  26 ironbound convokers
  An orange crystal statue (Depths:3)
  6 flayed ghosts
  6 bog bodies
  6 deep elf archers
  82 starcursed masses
  8 orc knights
  2 obsidian statues
  4 lindwurms (Vaults:1)
  A spectral hydra (Crypt:2)
  24 phantasmal warriors
  A mana viper (Abyss:3)
  2 wolf spiders (shapeshifter)
  A bunyip skeleton (Crypt:2)
  15 deep elf zephyrmancers
  17 harpies
  26 ugly things
  A wolf spider zombie (Crypt:3)
  20 deep elf pyromancers
  14 wolf spiders
  A tengu skeleton (Vaults:2)
  3 steelbarb worms
  11 necromancers
  A broodmother zombie (Crypt:3)
  10 cyclopes
  3 fauns (Shoals:2)
  20 manticores
  An iron dragon skeleton (Depths:1)
  19 moths of wrath
  3 rust devils
  3 will-o-the-wisps
  7 worldbinders
  A sphinx skeleton (Vaults:1)
  5 apocalypse crabs
  6 black mambas
  A moth of wrath (shapeshifter) (Depths:1)
  2 shining eyes (Slime:1)
  8 merfolk sirens
  A salamander (Abyss:4)
  19 vault sentinels
  12 water nymphs
  2 guardian serpents (Abyss:4)
  8 elephants
  A fire giant skeleton (Depths:1)
  A centaur zombie (Abyss:3)
  2 gargoyles
  Maurice (D:12)
  10 cane toads
  4 eyes of devastation
  3 torpor snails (Spider:4)
  A cane toad (shapeshifter) (D:14)
  12 demonic crawlers
  A naga mage (Abyss:4)
  A storm dragon simulacrum (Zot:3)
  19 smoke demons
  3 hellions
  3 unseen horrors
  3 orange demons
  A white draconian zombie (Crypt:2)
  A rime drake (shapeshifter) (D:15)
  2 tormentors (Abyss:3)
  5 kobold demonologists
  4 rime drakes
  4 efreet
  A red draconian zombie (Crypt:1)
  7 komodo dragons
  12 freezing wraiths
  9 tengu conjurers
  3 catoblepas skeletons (Abyss:4)
  An ice devil (D:1)
  A red draconian skeleton (Crypt:2)
  33 yaktaurs
  A komodo dragon (shapeshifter) (Vaults:5)
  21 ancient zymes
  3 red devils
  A sea snake skeleton (Crypt:3)
  12 trolls
  A green draconian skeleton (Crypt:1)
  3 meliai (D:15)
  A polar bear (shapeshifter) (Abyss:4)
  2 hornets (shapeshifter)
  A pale draconian skeleton (Crypt:2)
  9 hellwings
  9 tarantellas
  11 hornets
  4 polar bears (Lair:5)
  27 merfolk
  5 wind drakes
  7 dream sheep
  31 blink frogs
  42 large abominations
  A snapping turtle (shapeshifter) (Abyss:4)
  A death drake skeleton (Crypt:3)
  A fire dragon zombie (Crypt:2)
  An ice dragon zombie (Crypt:2)
  14 snapping turtles
  28 raiju
  A fire giant simulacrum (Vaults:2)
  38 jumping spiders
  3 air elementals
  19 flying skulls
  89 slime creatures
  22 culicivoras
  A vampire (Abyss:1)
  32 yaks
  15 spriggans
  A satyr skeleton (Crypt:1)
  A wyvern (shapeshifter) (Abyss:4)
  9 ynoxinuls
  10 water elementals
  11 wraiths
  6 shadows
  A hog (shapeshifter) (D:15)
  3 wyverns
  22 fire elementals
  16 humans (D:14)
  A fire bat (Abyss:3)
  8 golden eyes
  44 redbacks
  14 neqoxecs
  9 chaos spawn
  4 steam dragons
  2 spatial vortices
  7 basilisks
  An elf zombie (Vaults:5)
  20 vampire mosquitoes
  3 wargs
  A harpy simulacrum (Abyss:3)
  An acid dragon (D:10)
  An ogre zombie (Vaults:2)
  A faun zombie (Crypt:3)
  Duvessa (D:6)
  A floating eye (Lair:4)
  A floating eye (shapeshifter) (Depths:3)
  8 water moccasins
  4 hell hounds (Abyss:3)
  22 orc warriors
  A glowing shapeshifter skeleton (Depths:1)
  2 fire bat skeletons (Crypt:3)
  A meliai simulacrum (D:14)
  7 sky beasts
  6 black bears
  26 ogres
  An ice beast (shapeshifter) (Abyss:4)
  An ettin simulacrum (Vaults:4)
  5 boggarts (Lair:5)
  A blink frog skeleton (Crypt:1)
  30 wolves
  3 phantoms
  11 centaurs
  2 kobold brigands
  9 bullfrogs
  6 necrophages
  A wyvern zombie (Crypt:1)
  A gnoll sergeant (D:11)
  5 scorpions
  11 earth elementals
  4 human skeletons
  12 wights
  A wyvern skeleton (Crypt:2)
  Dowan (D:6)
  A tengu zombie (Depths:1)
  A cyclops skeleton (Crypt:1)
  2 human simulacra (Vaults:2)
  2 killer bees (D:9)
  10 electric eels
  2 howler monkeys
  5 quasits
  A gnoll bouda (D:6)
  8 orc priests
  3 jellies
  4 hounds
  4 iron imps
  Jessica (D:3)
  An iguana (shapeshifter) (D:13)
  Ijyb (D:3)
  A black bear skeleton (Crypt:2)
  4 iguanas
  20 orc wizards
  2 hell rats (Lair:1)
  4 lightning spires (Depths:1)
  30 small abominations
  A killer bee zombie (Crypt:3)
  A naga skeleton (Crypt:2)
  A howler monkey zombie (Crypt:1)
  12 gnolls
  5 adders
  5 river rats (Lair:1)
  A shadow imp (D:5)
  3 white imps
  9 ufetubi
  A worm (D:3)
  4 dart slugs
  63 orcs
  2 bats (D:3)
  6 endoplasms
  A giant cockroach (D:3)
  7 hobgoblins
  13 kobolds
  2 quokkas
  3 ball pythons
  A dart slug zombie (Crypt:1)
  2 frilled lizards
  22 goblins
  An orc skeleton (Crypt:2)
  3 rats
  A rat skeleton (Crypt:3)
  3 lurking horrors
  17 starspawn tentacles
  2 tentacles (Shoals:4)
2845 creatures vanquished.

Vanquished Creatures (collateral kills)
  2 ancient liches (Zot:5)
  An orb of fire (Zot:5)
  3 Orb Guardians (Zot:5)
  A quicksilver dragon (Zot:5)
  A death cob (Zot:3)
  4 tentacled starspawn
  A draconian monk (Zot:3)
  2 draconian knights
  A ghost moth (Zot:3)
  A very ugly thing (Abyss:4)
  2 green draconians (Zot:3)
  2 black draconians
  2 white draconians (Zot:3)
  2 yellow draconians (Zot:4)
  A rakshasa (Abyss:4)
  2 thrashing horrors (Abyss:3)
  A soul eater (Abyss:4)
  A wretched star (Abyss:4)
  2 sixfirhies (Abyss:4)
  A spatial maelstrom (Abyss:4)
  6 large abominations
  2 moths of wrath
  A smoke demon (Abyss:4)
  A cane toad (Lair:5)
  An efreet (Abyss:4)
  2 ancient zymes (Abyss:3)
  A hornet (Lair:5)
  5 raiju
  A flying skull (Abyss:4)
  A spriggan (Lair:5)
  A hell hound (Abyss:3)
  3 starcursed masses
  A small abomination (Abyss:3)
  A starspawn tentacle (Abyss:4)
60 creatures vanquished.

Vanquished Creatures (others)
  2 bone dragons
  2 tentacled monstrosities
  A quicksilver dragon (Zot:1)
  2 ancient champions (Crypt:2)
  2 storm dragons (Zot:1)
  2 tengu reavers
  2 death cobs (Zot:3)
  A frost giant (Depths:2)
  A vault warden (Vaults:1)
  A fire giant (Depths:4)
  A ghost moth (shapeshifter) (D:12)
  3 ghost moths (Spider:4)
  A draconian shifter (Zot:1)
  A draconian stormcaller (Zot:3)
  A cacodemon (Abyss:4)
  3 ironbound preservers
  A war gargoyle (Vaults:3)
  A stone giant (Orc:1)
  2 dire elephants
  2 vampire knights
  A white draconian (Zot:1)
  Snorg (D:11)
  An ettin (Depths:4)
  A hydra (Lair:5)
  An ice dragon (Depths:2)
  A catoblepas (D:14)
  An ironbound frostheart (Vaults:3)
  A boulder beetle (Vaults:1)
  A centaur warrior (D:14)
  An alligator snapping turtle (Shoals:4)
  A two-headed ogre (Orc:2)
  A death yak (Lair:5)
  A thrashing horror (Abyss:4)
  A hell hog (Abyss:3)
  2 sun demons
  2 skeletal warriors (Crypt:3)
  A pharaoh ant (Spider:1)
  8 deep trolls
  A sea snake (Shoals:3)
  A sun moth (Spider:4)
  2 ironbound convokers
  A deep elf pyromancer (D:10)
  10 starcursed masses
  2 phantasmal warriors
  A steelbarb worm (Spider:2)
  A harpy (Shoals:2)
  A deep elf zephyrmancer (Elf:1)
  2 wolf spiders (Spider:2)
  2 cyclopes
  A lindwurm (Vaults:1)
  A black mamba (Lair:2)
  2 elephants (Lair:2)
  A gargoyle (D:10)
  Psyche (D:8)
  An efreet (Abyss:3)
  A komodo dragon (Lair:5)
  4 merfolk (Shoals:3)
  A polar bear (Lair:4)
  A tarantella (Spider:2)
  2 blink frogs
  A raiju (Abyss:3)
  A shadow (D:10)
  A slime creature (Slime:3)
  A ynoxinul (Abyss:3)
  A spriggan (Lair:5)
  2 culicivoras
  A yak (D:8)
  A human (D:14)
  A redback (Spider:3)
  An acid dragon (D:10)
  A water moccasin (Lair:1)
  A small abomination (Abyss:3)
  An orc warrior (D:10)
  An ogre (Orc:2)
  A wolf (Lair:2)
  A wight (D:8)
  A killer bee (D:9)
  An orc wizard (D:9)
  A gnoll (D:11)
  6 foxfires (Abyss:4)
  32 fungi
  2 lurking horrors
  67 plants
  44 starspawn tentacles
  4 tentacles (Shoals:4)
  13 withered plants (Crypt:3)
287 creatures vanquished.

Grand Total: 3192 creatures vanquished

Notes
Turn   | Place    | Note
-------+----------+-------------------------------------------
     0 | D:1      | PyroL the Gargoyle Earth Elementalist began the quest for
                  | the Orb.
     0 | D:1      | Reached XP level 1. HP: 10/10 MP: 3/3
   106 | D:1      | Identified a scroll of acquirement
   787 | D:2      | Reached XP level 2. HP: 15/15 MP: 0/5
  1114 | D:2      | Got the Directory of Battling and Translocation
  1297 | D:2      | Reached XP level 3. HP: 19/19 MP: 4/6
  1451 | D:3      | Noticed Ijyb
  1514 | D:3      | Killed Ijyb
  1577 | D:3      | Found Wubin's Book Shoppe.
  1727 | D:3      | Reached XP level 4. HP: 24/24 MP: 6/8
  1734 | D:3      | Reached skill level 5 in Earth Magic
  2025 | D:3      | Learned a level 2 spell: Passwall
  2029 | D:3      | Learned a level 3 spell: Stone Arrow
  2152 | D:3      | Noticed Jessica
  2157 | D:3      | Killed Jessica
  2158 | D:3      | Reached XP level 5. HP: 28/28 MP: 7/10
  2885 | D:4      | Reached XP level 6. HP: 32/32 MP: 9/12
  3256 | D:5      | Entered Level 5 of the Dungeon
  3292 | D:5      | Noticed a black bear
  3303 | D:4      | Killed a black bear
  3443 | D:5      | Noticed a water moccasin
  3445 | D:5      | Killed a water moccasin
  3446 | D:5      | Reached XP level 7. HP: 23/36 MP: 10/13
  4076 | D:5      | Found a hide-covered altar of Uskayaw.
  4078 | D:5      | Found an ancient bone altar of Kikubaaqudgha.
  4213 | D:5      | Reached skill level 10 in Earth Magic
  4213 | D:5      | Reached XP level 8. HP: 41/41 MP: 10/14
  4328 | D:6      | Found a staircase to the Ecumenical Temple.
  4355 | Temple   | Entered the Ecumenical Temple
  4412 | Temple   | Became a worshipper of Vehumet
  4830 | D:6      | Noticed Duvessa
  4844 | D:6      | Reached skill level 1 in Fighting
  4893 | D:6      | Noticed Dowan
  5609 | D:6      | Identified the +0 pair of gloves of Tutaph Isise {rF-
                  | Regen+ Dex+5}
  5612 | D:6      | Acquired 957 gold pieces
  6021 | D:6      | Acquired the +8 trishula "Condemnation" {holy, anguish,
                  | *Noise Fly rN+}
  6021 | D:6      | Found the +8 trishula "Condemnation" {holy, anguish, *Noise
                  | Fly rN+}
  6066 | D:6      | Killed Dowan
  6154 | D:6      | Killed Duvessa
  6155 | D:6      | Reached XP level 9. HP: 41/53 MP: 6/15
  6271 | D:7      | Found Covedi's Armour Boutique.
  6294 | D:7      | Reached skill level 5 in Fighting
  6733 | D:7      | Reached * piety under Vehumet
  6733 | D:7      | Offered knowledge of Freeze by Vehumet.
  6734 | D:7      | Reached skill level 5 in Dodging
  7185 | D:8      | Reached skill level 1 in Polearms
  7212 | D:8      | Noticed Psyche
  7224 | D:8      | Killed Psyche
  7225 | D:8      | Reached XP level 10. HP: 52/65 MP: 6/16
  7422 | D:8      | Found a runed translucent gate.
  7422 | D:8      | Found a runed translucent gate.
  7422 | D:8      | Found a runed translucent gate.
  7426 | D:8      | Noticed a nine-headed hydra
  7426 | D:8      | Noticed drugrobin's ghost (novice DgDe)
  7687 | D:8      | Reached skill level 5 in Polearms
  8054 | D:9      | Found a flagged portal.
  8065 | D:9      | Offered knowledge of Static Discharge by Vehumet.
  8073 | D:9      | Reached ** piety under Vehumet
  8139 | D:9      | Identified the +8 hand axe of the Scorned {drain, rCorr
                  | Int+2}
  8143 | Bailey   | Entered a bailey
  8186 | Bailey   | Noticed an orc knight
  8211 | Bailey   | Killed an orc knight
  8344 | Bailey   | Noticed a kobold demonologist
  8425 | Bailey   | Killed a kobold demonologist
  8426 | Bailey   | Reached skill level 10 in Fighting
  8732 | Bailey   | Found an iron altar of Okawaru.
  8732 | Bailey   | Noticed a kobold demonologist
  8767 | Bailey   | Killed a kobold demonologist
  8767 | Bailey   | Offered knowledge of Ignite Poison by Vehumet.
  8947 | Bailey   | Acquired 532 gold pieces
  9042 | D:9      | You are sucked into a shaft and drop 1 floor!
  9042 | D:10     | Entered Level 10 of the Dungeon
  9055 | D:10     | Reached *** piety under Vehumet
  9089 | D:10     | Reached XP level 11. HP: 72/72 MP: 17/17
  9267 | D:10     | Found a staircase to the Lair.
  9353 | D:9      | Noticed a two-headed ogre
  9362 | D:9      | Killed a two-headed ogre
 10243 | D:10     | Noticed a tengu warrior
 10248 | D:10     | Offered knowledge of Sticky Flame by Vehumet.
 10259 | D:10     | Killed a tengu warrior
 10260 | D:10     | Reached skill level 10 in Polearms
 10292 | D:10     | Noticed a cyclops
 10308 | D:10     | Killed a cyclops
 10427 | D:10     | Noticed a sixfirhy
 10429 | D:10     | Reached skill level 1 in Armour
 10479 | D:10     | Reached skill level 1 in Evocations
 11003 | D:10     | Noticed a deep elf pyromancer
 11007 | D:10     | Killed a deep elf pyromancer
 11008 | D:10     | Reached XP level 12. HP: 72/77 MP: 11/18
 11016 | D:10     | Noticed a tengu warrior
 11034 | D:10     | Killed a tengu warrior
 11041 | D:10     | Reached skill level 5 in Armour
 11392 | D:11     | Noticed Snorg
 11407 | D:11     | Killed Snorg
 11630 | D:11     | Reached skill level 5 in Evocations
 11678 | D:11     | Noticed a two-headed ogre
 11683 | D:11     | Killed a two-headed ogre
 11855 | D:11     | Reached **** piety under Vehumet
 11925 | D:11     | Noticed Erolcha
 11944 | D:11     | Killed Erolcha
 12135 | D:11     | Offered knowledge of Airstrike by Vehumet.
 12165 | D:11     | Found a bloodstained altar of Trog.
 12289 | D:12     | Noticed Maurice
 12366 | D:12     | Noticed a two-headed ogre
 12374 | D:12     | Killed a two-headed ogre
 12375 | D:12     | Reached skill level 1 in Conjurations
 12543 | D:12     | Killed Maurice
 12581 | D:12     | Noticed Lodul
 12718 | D:12     | Noticed a rakshasa
 12743 | D:12     | Noticed mampy3000's ghost (journeyman MiBe)
 12755 | D:12     | Reached skill level 5 in Spellcasting
 12782 | D:12     | Found a staircase to the Orcish Mines.
 12847 | D:12     | Noticed a boulder beetle
 12910 | D:12     | Killed a boulder beetle
 13008 | D:12     | Reached skill level 5 in Conjurations
 13032 | D:12     | Killed Lodul
 13043 | D:12     | Reached XP level 13. HP: 51/82 MP: 9/22
 13124 | D:12     | Found a one-way gate to the infinite horrors of the Abyss.
 13160 | D:12     | Found a transporter.
 13165 | D:12     | Found a transporter.
 13361 | Lair:1   | Entered Level 1 of the Lair of Beasts
 13448 | Lair:1   | Reached ***** piety under Vehumet
 13580 | Lair:1   | Offered knowledge of Spellforged Servitor by Vehumet.
 14537 | Lair:2   | Found a hole to the Spider Nest.
 14866 | Lair:2   | Found a staircase to the Shoals.
 14890 | Lair:2   | Reached skill level 10 in Conjurations
 15390 | Lair:3   | Noticed Amaemon
 15407 | Lair:3   | Killed Amaemon
 15436 | Lair:3   | Found the +8 demon blade "Leech" {evervamp, Harm Drain rN+}
 15502 | Lair:3   | You are sucked into a shaft and drop 2 floors!
 15502 | Lair:5   | Entered Level 5 of the Lair of Beasts
 15592 | Lair:5   | Gained mutation: Your large and strong wings let you fly.
                  | [Gargoyle growth]
 15592 | Lair:5   | Reached XP level 14. HP: 88/88 MP: 21/23
 15755 | Lair:5   | Offered knowledge of Fulminant Prism by Vehumet.
 16059 | Lair:4   | Noticed Urug
 16364 | Lair:5   | Learned a level 5 spell: Arcjolt
 16787 | Lair:4   | Killed Urug
 16855 | Lair:4   | Reached skill level 15 in Earth Magic
 16987 | Lair:4   | Found a viscous altar of Jiyva.
 17001 | Lair:4   | Found a staircase to the Slime Pits.
 17091 | Lair:4   | Identified the +7 mace of the Sneaky Youths {holy, rPois
                  | rN+ Int+4 Stlth+}
 17286 | Lair:4   | Found a radiant altar of Vehumet.
 17906 | Lair:3   | Got the Codex of the Black Widow and Bringing Forth
 18604 | Lair:4   | Noticed Sonja
 18611 | Lair:4   | Killed Sonja
 18611 | Lair:4   | Offered knowledge of Iskenderun's Battlesphere by Vehumet.
 19070 | D:13     | Reached XP level 15. HP: 86/100 MP: 24/24
 19132 | D:13     | Found Baplukhesi's Demolitions Depot.
 19497 | D:13     | Found a transporter.
 19498 | D:13     | Identified the ring "Moagaor" {rPois Dex+6}
 19580 | D:13     | Reached skill level 15 in Fighting
 19622 | D:13     | Reached skill level 1 in Shields
 19859 | D:13     | Bought a book of Power for 630 gold pieces
 19859 | D:13     | Bought a book of Blasting for 600 gold pieces
 19868 | D:13     | Learned a level 5 spell: Lee's Rapid Deconstruction
 19875 | D:13     | Learned a level 6 spell: Iron Shot
 20073 | D:8      | Killed drugrobin's ghost
 20747 | D:14     | Reached skill level 5 in Shields
 20882 | D:14     | Found a gate to the Vaults.
 21092 | D:14     | Found a runed translucent door.
 21117 | D:14     | Found a runed translucent door.
 21429 | D:14     | Offered knowledge of Conjure Ball Lightning by Vehumet.
 21826 | D:14     | Noticed a storm dragon
 21827 | D:14     | Noticed a tengu reaver
 22754 | D:14     | Learned a level 4 spell: Iskenderun's Mystic Blast
 22788 | D:14     | Killed a tengu reaver
 22789 | D:14     | Killed a storm dragon
 22846 | D:14     | Identified the +0 helmet of Servitude {rPois Str-2 Int-4
                  | Dex+8}
 22911 | D:15     | Entered Level 15 of the Dungeon
 22917 | D:15     | Reached XP level 16. HP: 108/108 MP: 27/29
 23619 | D:15     | Found a staircase to the Depths.
 23879 | D:15     | Found a broken altar of Ashenzari.
 24511 | Orc:1    | Entered Level 1 of the Orcish Mines
 24548 | Orc:1    | Found Qiraney's Assorted Antiques.
 24556 | Orc:1    | Bought a scroll of teleportation for 111 gold pieces
 24556 | Orc:1    | Bought a potion of heal wounds for 185 gold pieces
 24578 | Orc:2    | Entered Level 2 of the Orcish Mines
 24741 | Orc:2    | Reached ****** piety under Vehumet
 24742 | Orc:2    | Reached skill level 10 in Spellcasting
 24744 | Orc:2    | Offered knowledge of Orb of Destruction by Vehumet.
 25276 | Orc:2    | Reached skill level 15 in Conjurations
 25294 | Orc:2    | Found Hatu's Antique Armour Emporium.
 25397 | Orc:2    | Found Govopp's Antique Armour Shop.
 25440 | Orc:2    | Found Hafecw's Jewellery Boutique.
 25441 | Orc:2    | Found Cuzolav's Assorted Antiques.
 25451 | Orc:2    | Found Ciaxkez's Magic Scroll Boutique.
 25499 | Orc:2    | Found a staircase to the Elven Halls.
 26393 | Orc:1    | Upgraded the game from 0.30-a0-715-gdb4ae3ece1 to
                  | 0.30-a0-718-geaa24f58ff
 26432 | Elf:1    | Entered Level 1 of the Elven Halls
 26801 | Elf:1    | Paralysed by an air elemental for 1 turns
 28347 | Elf:1    | Offered knowledge of Irradiate by Vehumet.
 28348 | Elf:1    | Reached XP level 17. HP: 87/113 MP: 7/32
 28364 | Elf:1    | Learned a level 5 spell: Irradiate
 29656 | Elf:2    | Found a runed translucent gate.
 29657 | Elf:2    | Found a runed translucent gate.
 29657 | Elf:2    | Found a runed translucent gate.
 29697 | Elf:2    | Found Vepn's Assorted Antiques.
 29803 | Elf:2    | Bought a pair of embroidered boots for 225 gold pieces
 29937 | Elf:2    | Found a transporter.
 29939 | Elf:2    | Found a transporter.
 29940 | Elf:2    | Noticed a deep elf blademaster
 29942 | Elf:2    | Noticed Newt's ghost (adept DsGl)
 29944 | Elf:2    | Noticed a deep elf blademaster
 29945 | Elf:2    | Found a bloodstained altar of Trog.
 30005 | Elf:2    | Noticed a deep elf blademaster
 30543 | D:12     | Killed mampy3000's ghost
 30891 | Orc:2    | Bought a scroll of teleportation for 81 gold pieces
 30891 | Orc:2    | Bought a potion of might for 108 gold pieces
 31052 | Spider:1 | Entered Level 1 of the Spider Nest
 32598 | Spider:2 | Noticed Arachne
 32622 | Spider:2 | Killed Arachne
 32889 | Spider:2 | Noticed Donald
 32902 | Spider:2 | Killed Donald
 33258 | Spider:2 | Offered knowledge of Ignition by Vehumet.
 33926 | Spider:3 | Reached XP level 18. HP: 119/119 MP: 25/33
 35182 | Spider:3 | Learned a level 5 spell: Borgnjor's Vile Clutch
 35270 | Spider:4 | Entered Level 4 of the Spider Nest
 35764 | Spider:4 | Offered knowledge of Fire Storm by Vehumet.
 35764 | Spider:4 | Offered knowledge of Shatter by Vehumet.
 35764 | Spider:4 | Offered knowledge of Polar Vortex by Vehumet.
 36936 | Spider:4 | Reached skill level 10 in Dodging
 38402 | Spider:4 | Got a gossamer rune of Zot
 38781 | Shoals:1 | Entered Level 1 of the Shoals
 39697 | Shoals:1 | Found Muveusimm's Assorted Antiques.
 39734 | Shoals:1 | Noticed Nikola
 39760 | Shoals:1 | Killed Nikola
 40627 | Shoals:2 | Noticed Hiprater's ghost (adept MiBe)
 40678 | Shoals:2 | Reached XP level 19. HP: 119/124 MP: 20/36
 40693 | Shoals:2 | Noticed Polyphemus
 40710 | Shoals:2 | Killed Polyphemus
 41650 | Shoals:2 | Found a transporter.
 41654 | Shoals:2 | Found a transporter.
 41654 | Shoals:2 | Identified the ring "Eggoug" {rF- rN+++ MP+9 Str+3}
 42516 | Shoals:3 | Found Wyss's Assorted Antiques.
 42526 | Shoals:3 | Found Baamm's Book Emporium.
 42639 | Shoals:3 | Found Rodat's General Store.
 42727 | Shoals:3 | Bought a scroll of blinking for 142 gold pieces
 42727 | Shoals:3 | Bought a potion of brilliance for 76 gold pieces
 42727 | Shoals:3 | Bought a potion of haste for 190 gold pieces
 43033 | Shoals:3 | Found Yciena Ytom's General Store.
 43474 | Shoals:3 | Found Loakluf's Weapon Shop.
 43591 | Shoals:4 | Entered Level 4 of the Shoals
 44299 | Shoals:4 | Got a barnacled rune of Zot
 44584 | Shoals:4 | Identified the +0 scale mail of the Turtledove {rN+ Will++
                  | MP-9 Str+2}
 45085 | Shoals:4 | Reached skill level 10 in Armour
 45764 | Shoals:3 | Bought a scroll of blinking for 135 gold pieces
 46018 | Vaults:1 | Entered Level 1 of the Vaults
 46511 | Vaults:1 | Reached XP level 20. HP: 129/129 MP: 3/37
 48018 | Vaults:1 | Reached skill level 10 in Evocations
 48699 | Vaults:2 | Reached skill level 1 in Air Magic
 48930 | Vaults:2 | Acquired the +1 helmet "Foozomie" {rN++}
 50416 | Vaults:2 | Reached XP level 21. HP: 134/134 MP: 31/38
 50453 | Vaults:2 | Reached skill level 5 in Air Magic
 51804 | Vaults:3 | Found a staircase to the Crypt.
 51804 | Vaults:3 | Found an ancient bone altar of Kikubaaqudgha.
 51805 | Vaults:3 | Found a basalt altar of Yredelemnul.
 52211 | Vaults:3 | Identified the +4 dagger "Uses" {freeze, Will- rCorr Int+4
                  | Stlth+}
 52734 | Vaults:3 | Learned a level 9 spell: Shatter
 52900 | Vaults:3 | Found Dezuos's General Store.
 52914 | Vaults:3 | Bought a potion of mutation for 136 gold pieces
 52914 | Vaults:3 | Bought a scroll of blinking for 127 gold pieces
 52932 | Vaults:3 | Bought a potion of might for 68 gold pieces
 53289 | Vaults:3 | Acquired the ring "Xyhil" {rF+ Slay+2}
 53308 | Vaults:3 | Identified the +8 spear "Plog" {flame, Int+6 Dex+2}
 53444 | Vaults:3 | Identified the +10 broad axe of the Narrow God {freeze,
                  | rPois rN+}
 53451 | Vaults:3 | Noticed Aizul
 53475 | Vaults:3 | Killed Aizul
 54295 | Vaults:4 | Reached XP level 22. HP: 140/140 MP: 19/40
 54797 | Vaults:4 | Reached skill level 15 in Spellcasting
 55985 | Vaults:4 | Noticed Jory
 56010 | Vaults:4 | Killed Jory
 56690 | Depths:1 | Entered Level 1 of the Depths
 56690 | Depths:1 | You are sucked into a shaft and drop 1 floor!
 56763 | Depths:1 | Noticed Bai Suzhen
 56778 | Depths:2 | Killed Bai Suzhen
 57403 | Depths:1 | Noticed a golden dragon
 57407 | Depths:1 | Killed a golden dragon
 58245 | Depths:1 | Got Sophisticated Thaumaturgy
 58262 | Depths:1 | Found a one-way gateway to a ziggurat.
 58333 | Depths:1 | Found Jestomno's Armour Shoppe.
 58710 | Depths:1 | Found a gateway to Hell.
 58777 | Depths:1 | Found Astewanu's Book Shoppe.
 58994 | Depths:1 | Found a runed translucent door.
 59627 | D:13     | Found a transporter.
 60299 | Depths:2 | Reached XP level 23. HP: 137/144 MP: 35/43
 63766 | Depths:2 | Found a one-way gate leading to the halls of Pandemonium.
 64101 | Vaults:5 | Entered Level 5 of the Vaults
 64361 | Vaults:5 | Reached XP level 24. HP: 77/150 MP: 8/43
 65741 | Vaults:5 | Identified the +9 quick blade "Letuarr" {chaos, Fly Int+2}
 65786 | Vaults:5 | Found Vokonesh's Magic Scroll Shoppe.
 65791 | Vaults:5 | Bought a scroll of acquirement for 780 gold pieces
 65791 | Vaults:5 | Acquired 712 gold pieces
 65813 | Vaults:5 | Got a silver rune of Zot
 65854 | Vaults:5 | Found Zuintut's Distillery.
 65858 | Vaults:5 | Bought a potion of mutation for 128 gold pieces
 65858 | Vaults:5 | Bought a potion of heal wounds for 80 gold pieces
 65858 | Vaults:5 | Bought a potion of haste for 160 gold pieces
 65858 | Vaults:5 | Bought a potion of haste for 160 gold pieces
 65935 | Vaults:5 | Identified the +0 pair of gloves of Protective Custody
                  | {rElec}
 66208 | Vaults:5 | Found Xuicziw's Antique Weapon Emporium.
 66252 | Vaults:5 | Noticed an ancient lich
 66257 | Vaults:5 | Killed an ancient lich
 66701 | Crypt:1  | Entered Level 1 of the Crypt
 66975 | Crypt:1  | Reached skill level 27 in Earth Magic
 67677 | Crypt:2  | Found a basalt altar of Yredelemnul.
 67976 | Crypt:2  | Paralysed by a vampire knight for 2 turns
 68722 | Crypt:3  | Entered Level 3 of the Crypt
 68895 | Crypt:3  | Identified the +3 battleaxe of Courage {elec, Will+ rCorr}
 69249 | Crypt:3  | Noticed an ancient lich
 69250 | Crypt:3  | Reached XP level 25. HP: 140/159 MP: 43/44
 69252 | Crypt:3  | Noticed Uroast's ghost (veteran MiGl)
 69253 | Crypt:3  | Noticed a dread lich
 69254 | Crypt:3  | Killed an ancient lich
 69255 | Crypt:3  | Noticed an ancient lich
 69367 | Crypt:2  | Killed a dread lich
 69396 | Crypt:2  | Killed Uroast's ghost
 69524 | Crypt:3  | Killed an ancient lich
 69835 | Crypt:3  | Found a runed translucent gate.
 69836 | Crypt:3  | Found a runed translucent gate.
 69885 | Crypt:3  | Found an ancient bone altar of Kikubaaqudgha.
 69886 | Crypt:3  | Found a runed translucent gate.
 69900 | Crypt:3  | Identified the ring of the Jester {Ice Will+ Str+6}
 69910 | Crypt:3  | Identified the +0 helmet of the Hidden Vale {Rampage Will-
                  | Regen+ Str+2}
 70397 | Crypt:3  | Found a staircase to the Tomb.
 71022 | Crypt:3  | Noticed a dread lich
 71023 | Crypt:3  | Noticed a dread lich
 72036 | Crypt:3  | Paralysed by a dread lich for 4 turns
 72041 | Crypt:3  | Killed a dread lich
 72125 | Crypt:2  | Paralysed by something for 4 turns
 72132 | Crypt:2  | Killed a dread lich
 72187 | Crypt:3  | Identified the ring "Godufamu" {rElec rN+ Will++ Dex+3}
 72187 | Crypt:3  | Identified the ring of Fun {rC+ rN+ Int+5 Stlth+}
 72187 | Crypt:3  | Identified the ring of Acuicwee {rElec rN+ Stlth+}
 72199 | Crypt:3  | Identified the +1 plate armour of the Blind Marksman
                  | {Int+5}
 73234 | Depths:3 | Identified the +7 short sword of the Desert {freeze, rF+
                  | Str+4}
 73812 | Depths:3 | Noticed a juggernaut
 73833 | Depths:3 | Killed a juggernaut
 74414 | Depths:3 | Acquired 868 gold pieces
 74741 | Depths:3 | Reached XP level 26. HP: 147/166 MP: 36/47
 75013 | Depths:4 | Entered Level 4 of the Depths
 76112 | Depths:4 | Noticed Xtahua
 76126 | Depths:4 | Killed Xtahua
 77128 | Depths:4 | Found a gate to the Realm of Zot.
 77358 | Depths:4 | Upgraded the game from 0.30-a0-718-geaa24f58ff to
                  | 0.30-a0-719-gcc4359ea44
 77752 | Slime:1  | Entered Level 1 of the Pits of Slime
 78734 | Slime:5  | Entered Level 5 of the Pits of Slime
 78773 | Slime:5  | Noticed the Royal Jelly
 79182 | Slime:5  | Killed the Royal Jelly
 79556 | Slime:5  | Got a slimy rune of Zot
 79611 | Slime:5  | Identified the +1 scale mail of the Abyss {Dex+4}
 79631 | Slime:5  | Identified the +1 chain mail "Hyjenip" {Dex+4}
 80479 | D:12     | Voluntarily entered the Abyss.
 80509 | Abyss:1  | Found a corrupted altar of Lugonu.
 80720 | Abyss:1  | Noticed an ancient lich
 80895 | Abyss:1  | Killed an ancient lich
 80896 | Abyss:1  | Reached XP level 27. HP: 169/171 MP: 48/48
 81096 | Abyss:2  | Found a corrupted altar of Lugonu.
 81109 | Abyss:2  | Found a corrupted altar of Lugonu.
 81287 | Abyss:3  | Found a corrupted altar of Lugonu.
 81299 | Abyss:3  | Found a corrupted altar of Lugonu.
 81511 | Abyss:3  | Learned a level 5 spell: Yara's Violent Unravelling
 82110 | D:12     | Escaped the Abyss
 82176 | D:12     | Learned a level 2 spell: Blink
 82185 | D:12     | Learned a level 8 spell: Lehudib's Crystal Spear
 82186 | D:12     | Voluntarily entered the Abyss.
 82195 | Abyss:3  | Learned a level 7 spell: Spellforged Servitor
 82443 | Abyss:3  | Paralysed by accursed screaming for 1 turns
 82566 | Abyss:3  | Found a corrupted altar of Lugonu.
 82763 | Abyss:3  | Gained mutation: You occasionally shout uncontrollably at
                  | your foes. [a neqoxec]
 83136 | Abyss:4  | Noticed an ancient lich
 83159 | Abyss:4  | Found a corrupted altar of Lugonu.
 83266 | Abyss:4  | Found a corrupted altar of Lugonu.
 83281 | Abyss:4  | Gained mutation: You occasionally lose the ability to read
                  | scrolls when taking damage. [a neqoxec]
 83550 | Abyss:4  | Found a corrupted altar of Lugonu.
 83609 | Abyss:4  | Reached skill level 27 in Conjurations
 83656 | Abyss:4  | Gained mutation: You occasionally lose the ability to drink
                  | potions when taking damage. [a neqoxec]
 83660 | Abyss:4  | Lost mutation: You occasionally shout uncontrollably at
                  | your foes. [potion of mutation]
 83660 | Abyss:4  | Lost mutation: You occasionally lose the ability to read
                  | scrolls when taking damage. [potion of mutation]
 83660 | Abyss:4  | Lost mutation: You occasionally lose the ability to drink
                  | potions when taking damage. [potion of mutation]
 83660 | Abyss:4  | Gained mutation: You are robust. (+10% HP) [potion of
                  | mutation]
 83660 | Abyss:4  | Gained mutation: You are partially covered in iridescent
                  | scales. (AC +2) [potion of mutation]
 83660 | Abyss:4  | Gained mutation: You are covered in fur. (AC +1) [potion of
                  | mutation]
 83715 | Abyss:4  | Learned a level 1 spell: Apportation
 83864 | Abyss:4  | Gained mutation: You are dopey. (Int -2) [a neqoxec]
 84082 | Abyss:4  | Got an abyssal rune of Zot
 84183 | Abyss:4  | Noticed an ancient lich
 84201 | Abyss:4  | Killed an ancient lich
 84283 | Abyss:4  | Gained mutation: Your magical capacity is low. (-10% MP) [a
                  | cacodemon]
 84389 | D:12     | Escaped the Abyss
 84793 | Zot:1    | Entered Level 1 of the Realm of Zot
 84956 | Zot:1    | You are sucked into a shaft and drop 1 floor!
 85420 | Zot:1    | Noticed Parghit
 86413 | Zot:1    | Killed Parghit
 87740 | Zot:2    | Identified the +6 longbow "Muizutai" {speed, rElec rN+
                  | Int+3}
 88377 | Zot:3    | Noticed an orb of fire
 88388 | Zot:3    | Gained mutation: You occasionally lose the ability to read
                  | scrolls when taking damage. [an orb of fire]
 88396 | Zot:3    | Killed an orb of fire
 88653 | Zot:3    | Found a transporter.
 88654 | Zot:3    | Found a transporter.
 88657 | Zot:3    | Noticed an ancient lich
 88657 | Zot:3    | Noticed Ythaheof's ghost (legendary NaWr)
 89207 | Zot:2    | Killed Ythaheof's ghost
 89210 | Zot:2    | Gained mutation: Your spells are a little easier to cast,
                  | but a little less powerful. [mutagenic glow]
 89220 | Zot:2    | Gained mutation: You are agile. (Dex +4, Str/Int -1)
                  | [mutagenic glow]
 89234 | Zot:2    | Lost mutation: You are robust. (+10% HP) [mutagenic glow]
 89281 | Zot:2    | Lost mutation: You are partially covered in iridescent
                  | scales. (AC +2) [potion of mutation]
 89281 | Zot:2    | Lost mutation: Your spells are a little easier to cast, but
                  | a little less powerful. [potion of mutation]
 89281 | Zot:2    | Lost mutation: Your magical capacity is low. (-10% MP)
                  | [potion of mutation]
 89281 | Zot:2    | Gained mutation: You have a somewhat thin skeletal
                  | structure. (Dex +2, Stealth+) [potion of mutation]
 89281 | Zot:2    | Gained mutation: You expend magic power (3 MP) to
                  | strengthen your wands. [potion of mutation]
 89281 | Zot:2    | Gained mutation: You are partially covered in iridescent
                  | scales. (AC +2) [potion of mutation]
 89892 | Zot:3    | Identified the +10 scimitar "Unaskose" {pain, Dex+2}
 90098 | Zot:3    | Identified the +5 chain mail "Miseomum" {Slay+3}
 90189 | Zot:3    | Killed an ancient lich
 92246 | Zot:4    | Identified the ring of Kineu {rPois Dex+6}
 92340 | Zot:5    | Entered Level 5 of the Realm of Zot
 92665 | Zot:5    | Noticed an ancient lich
 92671 | Zot:5    | Killed an ancient lich
 92680 | Zot:5    | Noticed an ancient lich
 92693 | Zot:5    | Killed an ancient lich
 93110 | Zot:5    | Noticed an ancient lich
 93117 | Zot:5    | Killed an ancient lich
 93330 | Zot:5    | Noticed a dread lich
 93331 | Zot:5    | Noticed an ancient lich
 93373 | Zot:5    | Noticed an orb of fire
 93416 | Zot:4    | Lost mutation: You are dopey. (Int -2) [an orb of fire]
 93430 | Zot:4    | Killed an orb of fire
 94321 | Zot:5    | Lost mutation: You are agile. (Dex +4, Str/Int -1) [potion
                  | of mutation]
 94321 | Zot:5    | Lost mutation: You are covered in fur. (AC +1) [potion of
                  | mutation]
 94321 | Zot:5    | Lost mutation: You are partially covered in iridescent
                  | scales. (AC +2) [potion of mutation]
 94321 | Zot:5    | Gained mutation: You are clumsy. (Dex -2) [potion of
                  | mutation]
 94321 | Zot:5    | Gained mutation: You have very sharp teeth. [potion of
                  | mutation]
 94322 | Zot:5    | Lost mutation: You have a somewhat thin skeletal structure.
                  | (Dex +2, Stealth+) [potion of mutation]
 94322 | Zot:5    | Lost mutation: You occasionally lose the ability to read
                  | scrolls when taking damage. [potion of mutation]
 94322 | Zot:5    | Lost mutation: You expend magic power (3 MP) to strengthen
                  | your wands. [potion of mutation]
 94322 | Zot:5    | Gained mutation: You are strong-willed. (Will+) [potion of
                  | mutation]
 94322 | Zot:5    | Gained mutation: You have a pair of small antennae on your
                  | head. [potion of mutation]
 94322 | Zot:5    | Gained mutation: You are covered in fur. (AC +1) [potion of
                  | mutation]
 94343 | Zot:5    | Noticed an orb of fire
 94349 | Zot:5    | Gained mutation: You are frail. (-10% HP) [an orb of fire]
 94350 | Zot:5    | Gained mutation: Potions are less effective at restoring
                  | your health. [an orb of fire]
 94351 | Zot:5    | Killed an orb of fire
 94888 | Zot:5    | Got the Orb of Zot
 95263 | D:12     | Noticed Zucisum the pandemonium lord
 95399 | D:5      | Noticed Ysusahod the pandemonium lord
 95530 | D:1      | Lost mutation: You are clumsy. (Dex -2) [potion of
                  | mutation]
 95530 | D:1      | Lost mutation: You are covered in fur. (AC +1) [potion of
                  | mutation]
 95530 | D:1      | Lost mutation: You have a pair of small antennae on your
                  | head. [potion of mutation]
 95530 | D:1      | Gained mutation: Your spells are a little easier to cast,
                  | but a little less powerful. [potion of mutation]
 95531 | D:1      | Lost mutation: You have very sharp teeth. [potion of
                  | mutation]
 95531 | D:1      | Lost mutation: Potions are less effective at restoring your
                  | health. [potion of mutation]
 95531 | D:1      | Lost mutation: Your spells are a little easier to cast, but
                  | a little less powerful. [potion of mutation]
 95532 | D:1      | Lost mutation: You are frail. (-10% HP) [potion of
                  | mutation]
 95532 | D:1      | Lost mutation: You are strong-willed. (Will+) [potion of
                  | mutation]
 95532 | D:1      | Gained mutation: You are somewhat resistant to further
                  | mutation. [potion of mutation]
 95533 | D:1      | Lost mutation: You are somewhat resistant to further
                  | mutation. [potion of mutation]
 95533 | D:1      | Gained mutation: Your muscles are strong. (Str +4, Int/Dex
                  | -1) [potion of mutation]
 95533 | D:1      | Gained mutation: You are agile. (Dex +4, Str/Int -1)
                  | [potion of mutation]
 95533 | D:1      | Gained mutation: You have a pair of small antennae on your
                  | head. [potion of mutation]
 95534 | D:1      | Lost mutation: You have a pair of small antennae on your
                  | head. [potion of mutation]
 95534 | D:1      | Lost mutation: Your muscles are strong. (Str +4, Int/Dex
                  | -1) [potion of mutation]
 95534 | D:1      | Gained mutation: You occasionally lose the ability to read
                  | scrolls when taking damage. [potion of mutation]
 95534 | D:1      | Gained mutation: You have hidden genetic potential. [potion
                  | of mutation]
 95534 | D:1      | Gained mutation: You do not regenerate when monsters are
                  | visible. [potion of mutation]
 95536 | D:$      | Escaped with the Orb!

Illustrated notes

Levels and vault maps discovered:
D:1:      wheals_arrival_shading, layout_loops_ring
D:2:      layout_loops_ring
D:3:      layout_loops_cross, serial_shops, shop, uniq_jessica, uniq_ijyb
D:4:      layout_basic, hangedman_decor_diamond_cutter
D:5:      layout_cave_pods, chequers_temple_overflow_statue_of_worship,
          minmay_fractal_squares_diagonal_5
D:6:      layout_loops_ring, minmay_temple_entry_slanted, grunt_ministairs_4,
          minmay_misc_feat_five, solitary_fountain, minivault_23, uniq_duvessa
D:7:      layout_loops_corners, serial_shops, shop, grunt_decor_fettered,
          minivault_14, kennysheep_small_spiral
D:8:      layout_loops_corners, gammafunk_ghost_hydra_chop, uniq_psyche
D:9:      layout_irregular_city, serial_column_ruins,
          column_ruins_circle_medium, column_ruins_circle_small,
          column_ruins_open_medium, column_ruins_open_medium,
          column_ruins_open_small, column_ruins_grid_1, enter_bailey_2
D:10:     minmay_quarter_circles, layout_loops_ring, lair_entry_dummy,
          hive_lemuel
D:11:     layout_roguey, trog_hazing_becter, uniq_snorg, uniq_erolcha
D:12:     layout_big_octagon, orc_0_dummy, gammafunk_ghost_abyssal_escape,
          uniq_lodul, uniq_maurice
D:13:     gammafunk_the_bubble [the_bubble_gammafunk_grid], layout_rooms,
          nicolae_blasting_shop
D:14:     minmay_expanding_circles, layout_rooms, grunt_vaults_entry_tiered,
          minmay_tree_intersection, minmay_misc_feat_alley
D:15:     grunt_enter_depths_hoard, layout_long_grid,
          lemuel_coloured_pillars_altar, st_stairs_9
Temple:   mainiacjoe_temple_big_plus
Lair:1:   statuecave_lemuel, layout_small_grid, kennysheep_rathole
Lair:2:   layout_loops_ring, elwin_shoals_entry_stream,
          nicolae_spider_entry_orb_guardian, chequers_serial_rivers_micro_a,
          grunt_megastairs_3
Lair:3:   cheibrodos_lair_river_kwai, layout_loops_ring, serial_rivers,
          chequers_serial_rivers_small_b, chequers_serial_rivers_small_b,
          chequers_serial_rivers_micro_d, chequers_serial_rivers_micro_e,
          chequers_serial_rivers_small_3, chequers_serial_rivers_micro_b,
          dreamdust_deal_with_the_devil, grunt_forest_small_clearings,
          uniq_amaemon
Lair:4:   layout_loops_ring, minmay_slime_entry_eyes, basic_altar,
          infiniplex_staircase_pool_2, uniq_sonja, uniq_urug
Lair:5:   minmay_lair_end_enchanted_forest, layout_long_grid, disabler_island
Shoals:1: layout_shoals, serial_shops, nicolae_shop_hallway_plus, uniq_nikola
Shoals:2: layout_shoals, ebering_ghost_davey_jones,
          nicolae_shoals_pincushion_passage, uniq_polyphemus
Shoals:3: layout_shoals, serial_shops, nicolae_take_the_stairs,
          nicolae_shop_trees, shop_statue, shop, shop
Shoals:4: shoals_end_hangedman, layout_shoals
Spider:1: layout_cave_pods, drop_trap
Spider:2: layout_cave_pods, uniq_arachne, uniq_donald
Spider:3: layout_spider_delve, nicolae_spider_cling_halls
Spider:4: johnstein_spider_rune_arachne_lair
Slime:1:  layout_caves
Slime:2:  layout_caves
Slime:3:  layout_caves
Slime:4:  layout_caves, cheibrodos_slime_lost_civilization_7
Slime:5
Orc:1:    layout_diamond_mine, serial_shops, nicolae_shop_overgrown_old_shop
Orc:2:    st_orc_open, layout_caves, basic_altar, serial_shops, shop
Elf:1:    eino_elf_arrival_customs, layout_geoelf_diagonals, evilmike_minifort
Elf:2:    nicolae_elf_blades_crystal_corner, layout_loops_cross,
          gammafunk_ghost_wrathful_warriors, minmay_shop_grid_forest,
          amcnicky_mini_rare_corridor_liquid
Vaults:1: v_rooms_4, hangedman_vaults_restitches, hangedman_vaults_snaps,
          nicolae_vaults_twisting_passages, vaults_mumra_chevron,
          ontoclasm_vaults_shuriken, vaults_mumra_chevron_long,
          ontoclasm_vaults_gateway, nicolae_vaults_diagonal_hallway_9,
          nicolae_vaults_statue_guard, layout_vaults_chaotic_city
Vaults:2: st_more_cells, hangedman_vaults_stagger, grunt_vaults_bifocal,
          v_misc_32, v_misc_18, v_misc_2, nicolae_vaults_diagonal_hallway_7,
          hangedman_vaults_cutoff, v_alt_pattern_6, layout_vaults_omnigrid
Vaults:3: nicolae_vaults_windows_and_doors_thing, minmay_crypt_entry_necro_gods,
          vaults_dpeg_doors, nicolae_vaults_diagonal_hallway_8, v_pattern_3,
          st_greater_box_1, grunt_vaults_twisty, grunt_vaults_swirl,
          v_alt_pattern_1, vaults_mumra_minichess_inversion,
          nicolae_vaults_rhombus_6, hangedman_vaults_capsules,
          layout_vaults_omnibox, serial_shops, shop, uniq_aizul
Vaults:4: ontoclasm_vaults_spin, v_misc_1, ontoclasm_vaults_bender,
          vaults_dpeg_ring, v_rooms_6, nicolae_vaults_bisected_inception,
          ontoclasm_vaults_pinch, vaults_room_door_ring,
          nicolae_vaults_network_quinsquares
          [nicolae_vaults_network_quincunx_subvault,
          nicolae_vaults_network_quincunx_subvault,
          nicolae_vaults_network_quincunx_subvault,
          nicolae_vaults_network_quincunx_subvault], ontoclasm_vaults_ligature,
          serial_ice_h, nicolae_vaults_alarming, v_misc_5,
          nicolae_vaults_little_squares_1, layout_vaults_ring, uniq_jory
Vaults:5: serial_shops
Crypt:1:  layout_gridlike, minivault_11, minivault_25, grunt_crypt_arrival_split
Crypt:2:  layout_gridlike, basic_altar, hangedman_weighted_door,
          serial_sigils_hangedman_leer, st_stairs_1
Crypt:3:  david_glass_crypt, layout_gridlike, tomb_entry_forgotten_bobbens,
          gammafunk_ghost_crypt, grunt_ministairs_6
Depths:1: hangedman_arch_fort, layout_gridlike, enter_ziggurat_c, nrook_uturn,
          serial_shops, shop, shop, pf_coc_iceberg, hangedman_aerie_drop,
          uniq_bai_suzhen
Depths:2: minmay_spiral_squares, layout_cave_shapes, hangedman_geh_valley,
          rand_demon_pan_entry_8, chequers_serial_rivers_micro_b,
          infiniplex_staircase_trident
Depths:3: angbandy_vault, layout_gridlike, rand_demon_pan_entry_5,
          abyss_entry_crystal, hell_entry, serial_bayou_pond_d, minivault_16,
          minmay_liquid_box
Depths:4: grunt_zot_entry_bicorn, layout_gridlike, grunt_mini_vestibule,
          grunt_megastairs_5, uniq_xtahua
Zot:1:    grunt_twist_and_shout, layout_concentric_octagons, uniq_parghit
Zot:2:    lemuel_firehouse, layout_concentric_octagons
Zot:3:    layout_basic, gammafunk_ghost_mausoleum, st_small_dragon_hoard_5,
          grunt_megastairs_1
Zot:4:    layout_misc_corridors
Zot:5:    layout_basic

Skill      XL: |  1  2  3  4  5  6  7  8  9 10 11 12 13 14 15 16 17 18 19 20 21 22 23 24 25 26 27 |
---------------+----------------------------------------------------------------------------------+-----
Earth Magic    | 4 5 6 8 10 12 15 16 18 21 22 24 25 27 | 27.0
Spellcasting   | 3 4 6 9 11 13 14 16 17 20 21 26 | 26.3
Fighting       | 4 8 10 14 15 16 17 23 | 23.2
Dodging        | 4 5 8 10 | 10.0
Polearms       | 4 7 10 12 14 | 14.0
Armour         | 4 8 10 | 10.0
Evocations     | 3 5 8 10 | 10.0
Conjurations   | 5 10 12 17 20 21 22 24 27 | 27.0
Shields        | 5 |  5.0
Air Magic      | 4 5 |  5.0
Stealth        | |  2.1
Transmutations | |  0.7

Action                     |  1- 3 |  4- 6 |  7- 9 | 10-12 | 13-15 | 16-18 | 19-21 | 22-24 | 25-27 || total
---------------------------+-------+-------+-------+-------+-------+-------+-------+-------+-------++-------
  Melee: Mace              |    22 |     8 |       |       |       |       |       |       |       ||    30
         Punch             |     1 |       |       |     5 |     3 |       |       |       |       ||     9
         Dagger            |       |       |    12 |       |       |       |       |       |       ||    12
         Trishula          |       |       |    50 |   318 |   848 |   894 |   899 |   671 |  1853 ||  5533
         Staff             |       |       |       |       |       |       |       |       |   116 ||   116
         Unarmed           |       |       |       |       |       |       |       |       |    12 ||    12
         Bite              |       |       |       |       |       |       |       |       |     1 ||     1
  Throw: Throwing net      |       |       |       |     1 |       |       |       |       |       ||     1
   Cast: Sandblast         |    32 |    53 |   107 |   186 |   228 |     5 |       |       |    13 ||   624
         Stone Arrow       |       |     1 |     7 |    56 |   112 |   475 |   319 |   231 |   363 ||  1564
         Arcjolt           |       |       |       |       |    13 |    42 |    69 |    39 |    74 ||   237
         Iron Shot         |       |       |       |       |    19 |   126 |   182 |   162 |   261 ||   750
         Lee's Rapid Decon |       |       |       |       |     1 |       |     4 |     8 |     4 ||    17
         Iskenderun's Myst |       |       |       |       |       |     5 |     8 |    18 |     5 ||    36
         Irradiate         |       |       |       |       |       |    32 |    39 |    55 |   108 ||   234
         Passwall          |       |       |       |       |       |     1 |       |     2 |     3 ||     6
         Borgnjor's Vile C |       |       |       |       |       |       |    48 |    46 |    43 ||   137
         Shatter           |       |       |       |       |       |       |       |    60 |   122 ||   182
         Lehudib's Crystal |       |       |       |       |       |       |       |       |   123 ||   123
         Spellforged Servi |       |       |       |       |       |       |       |       |    42 ||    42
         Yara's Violent Un |       |       |       |       |       |       |       |       |     4 ||     4
         Apportation       |       |       |       |       |       |       |       |       |     1 ||     1
         Blink             |       |       |       |       |       |       |       |       |     1 ||     1
  Evoke: Wand              |       |       |       |       |     8 |     3 |     1 |       |    14 ||    26
         Phantom mirror    |       |       |       |       |     1 |       |       |       |       ||     1
    Use: Scroll            |     5 |     1 |     3 |    13 |    26 |     5 |     5 |     2 |    13 ||    73
         Potion            |       |       |       |     1 |     3 |     4 |       |     4 |    19 ||    31
   Stab: Sleeping          |       |       |     1 |     3 |       |       |       |     4 |     2 ||    10
         Distracted        |       |       |       |     2 |       |       |       |     2 |     9 ||    13
         Fleeing           |       |       |       |       |     1 |       |       |       |       ||     1
 Armour: Robe              |     6 |    16 |    26 |    55 |       |       |       |       |       ||   103
         Skin              |    18 |       |       |       |       |       |       |       |     1 ||    19
         Troll leather arm |       |       |       |    68 |   520 |   847 |   588 |   470 |  1390 ||  3883
  Dodge: Dodged            |     8 |    20 |    77 |   300 |   996 |  1199 |   834 |   516 |  1059 ||  5009
  Block: Buckler           |       |       |       |       |    68 |   292 |   231 |   224 |   631 ||  1446
         Reflection        |       |       |       |       |       |       |       |     2 |     9 ||    11

Table legend: (Time is in decaauts)
 A = Elapsed time spent in this place.
 B = Non-inter-level travel time spent in this place.
 C = Inter-level travel time spent in this place.
 D = Time resting spent in this place.
 E = Time spent auto-exploring this place.
 F = Levels seen in this place.
 G = Mean time per level.
                   A        B        C        D        E       F      G
               +--------+--------+--------+--------+--------+-----+--------+
         Total |  94616 |  87404 |   7212 |  20784 |  49047 |  61 | 1551.1 |
       Dungeon |  20079 |  17063 |   3016 |   2019 |  11473 |  15 | 1338.6 |
        Temple |    425 |    400 |     25 |      0 |    383 |   1 |  425.0 |
          Lair |   6385 |   5628 |    757 |    422 |   3675 |   5 | 1277.0 |
        Shoals |   6710 |   6523 |    187 |    913 |   4522 |   4 | 1677.5 |
   Spider Nest |   7568 |   7387 |    181 |   2229 |   3780 |   4 | 1892.0 |
    Slime Pits |   2536 |   2418 |    118 |   1102 |    926 |   5 |  507.2 |
  Orcish Mines |   2008 |   1804 |    204 |    611 |    878 |   2 | 1004.0 |
   Elven Halls |   3977 |   3830 |    147 |   1788 |   1548 |   2 | 1988.5 |
        Vaults |  13549 |  12738 |    811 |   2758 |   7863 |   5 | 2709.8 |
         Crypt |   5581 |   5360 |    221 |   2044 |   2198 |   3 | 1860.3 |
        Depths |  11660 |  10427 |   1233 |   2447 |   6253 |   4 | 2915.0 |
           Zot |   9863 |   9558 |    305 |   4025 |   4023 |   5 | 1972.6 |
         Abyss |   3410 |   3410 |      0 |    300 |   1161 |   5 |  682.0 |
        Bailey |    859 |    859 |      0 |    123 |    364 |   1 |  859.0 |
               +--------+--------+--------+--------+--------+-----+--------+

Top non-repeatable levels by time:
Vaults:4: 3957 daAuts
Depths:1: 3821 daAuts
 Crypt:3: 3068 daAuts
Vaults:3: 3036 daAuts
   Elf:1: 2920 daAuts
Vaults:2: 2794 daAuts
Spider:4: 2748 daAuts
Depths:3: 2718 daAuts
Depths:2: 2714 daAuts
Vaults:1: 2554 daAuts
    D:14: 2526 daAuts
   Zot:3: 2430 daAuts
Depths:4: 2406 daAuts
   Zot:5: 2185 daAuts
   Zot:2: 2022 daAuts
